 Dungeon Crawl Stone Soup version 0.30-a0-743-gbfdf073431 (webtiles) character file.

Game seed: 15330813727178039779

3962 cheesebisquit the Cleaver (level 10, -3/95 HPs)
             Began as a Minotaur Fighter on Feb 5, 2023.
             Was a Priest of Ashenzari.
             Killed from afar by an electric eel (11 damage)
             ... with a bolt of electricity
             ... on level 9 of the Dungeon.
             The game lasted 00:34:54 (7230 turns).

cheesebisquit the Cleaver (Minotaur Fighter)        Turns: 7230, Time: 00:34:54

Health: -3/95      AC: 21    Str: 24    XL:     10   Next: 2%
Magic:  9/9        EV:  6    Int:  5    God:    Ashenzari [***...]
Gold:   532        SH: 11    Dex: 11    Spells: 9/9 levels left

rFire   + . .      SeeInvis +    a - +0 war axe "Celestial Polytheism" {Fort, Elem} (curse)
rCold   . . .      Faith    .    o - +0 kite shield "Pangnostic Sybil" {Bglg, Self} (curse)
rNeg    + . .      Spirit   .    B - +0 plate armour of Ashenzari's Seeker {Alch, Range} (curse)
rPois   .          Reflect  .    (helmet restricted)
rElec   .          Harm     .    (no cloak)
rCorr   .          Rampage  .    w - +2 pair of gloves of the Distant Seer {Cun, Self} (curse)
Will    .....      Clarity  +    D - +2 pair of boots of Desmomancy {Comp, Elem} (curse) Stlth
                                 (no amulet)
HPRegen 0.35/turn                v - ring of flight
MPRegen 0.11/turn                x - ring of Russare {rF+ rN+}

@: flying
A: horns 2, retaliatory headbutt
a: Renounce Religion, Shatter the Chains


You were on level 9 of the Dungeon.
You worshipped Ashenzari.
Ashenzari was most pleased with you.
You visited 1 branch of the dungeon, and saw 9 of its levels.

You collected 532 gold pieces.

Inventory:

Hand Weapons
 a - the cursed +0 war axe "Celestial Polytheism" (weapon) {Fort, Elem}

   It has a curse which improves the following skills: Fortitude: Armour and
   Shields.
   Elements:  Fire Magic, Ice Magic, Air Magic and Earth Magic.
 g - the +8 demon trident "Rift" {distort, reach+}
   (You found it on level 6 of the Dungeon)
 p - a +2 shortbow of freezing
Missiles
 n - 16 boomerangs (quivered)
 A - 13 poisoned darts
 G - a curare-tipped dart
Armour
 o - the cursed +0 kite shield "Pangnostic Sybil" (worn) {Bglg, Self}
   (You found it on level 2 of the Dungeon)

   It has a curse which improves the following skills: Beguiling: Conjurations,
   Hexes and Translocations.
   Introspection: Fighting and Spellcasting.
 w - the cursed +2 pair of gloves of the Distant Seer (worn) {Cun, Self}
   (You found it on level 4 of the Dungeon)

   It has a curse which improves the following skills: Cunning: Dodging and
   Stealth.
   Introspection: Fighting and Spellcasting.
 z - a +0 pair of gloves
 B - the cursed +0 plate armour of Ashenzari's Seeker (worn) {Alch, Range}
   (You found it on level 6 of the Dungeon)

   It has a curse which improves the following skills: Alchemy: Poison Magic and
   Transmutations.
   Ranged Combat: Ranged Weapons and Throwing.
 D - the cursed +2 pair of boots of Desmomancy (worn) {Comp, Elem}
   (You found it on level 7 of the Dungeon)

   It has a curse which improves the following skills: Companions: Summonings
   and Necromancy.
   Elements:  Fire Magic, Ice Magic, Air Magic and Earth Magic.
Jewellery
 l - a ring of magical power
 v - a ring of flight (left hand)
 x - the ring of Russare (right hand) {rF+ rN+}
   (You acquired it on level 5 of the Dungeon)

   [ring of positive energy]

   rF:        It protects you from fire.
   rN:        It protects you from negative energy.
 F - a ring of protection from fire
Wands
 r - a wand of digging (4)
 s - a wand of paralysis (8)
Scrolls
 b - 3 scrolls of poison
 e - 2 scrolls of magic mapping
 h - 7 scrolls of identify
 i - 7 scrolls of teleportation
 k - a scroll of fog
 m - 2 scrolls of amnesia
 q - 2 scrolls of fear
 t - a scroll of silence
 y - a scroll of enchant weapon
Potions
 c - a potion of curing
 d - 2 potions of might
 f - a potion of ambrosia
 j - 3 potions of attraction
 u - a potion of haste
 C - a potion of brilliance
 E - a potion of berserk rage


   Skills:
 + Level 8.6(11.1) Fighting
 * Level 11.1 Axes
 + Level 8.6(10.2) Armour
 + Level 8.6(10.2) Shields


You had 9 spell levels left.
You didn't know any spells.
Your spell library contained the following spells:

 Spells                   Type           Power      Damage    Failure   Level
 Summon Small Mammal      Summ           0%         N/A       100%        1
 Call Canine Familiar     Summ           0%         N/A       100%        3
 Inner Flame              Hex/Fire       0%         N/A       100%        3
 Summon Guardian Golem    Hex/Summ       0%         N/A       100%        3
 Cause Fear               Hex            0%         N/A       100%        4
 Summon Lightning Spire   Summ/Air       0%         N/A       100%        4
 Storm Form               Tmut/Air       0%         N/A       100%        7
 Borgnjor's Revivificati  Necr           0%         N/A       100%        8
 Discord                  Hex            0%         N/A       100%        8
 Maxwell's Capacitive Co  Air            0%         ∞         100%        8
 Necromutation            Tmut/Necr      0%         N/A       100%        8
 Death's Door             Necr           0%         N/A       100%        9


Dungeon Overview and Level Annotations

Branches:
Dungeon (9/15)             Temple (0/1) D:4
   Lair: D:8-11         Orc: D:9-12

Altars:
Ashenzari


Innate Abilities, Weirdness & Mutations

You have a pair of horns on your head.
You reflexively headbutt those who attack you in melee.


Message History

The electric eel shoots out a bolt of lightning at you!
The bolt of electricity hits you but does no damage.
The electric eel shoots out a bolt of lightning at you!
The bolt of electricity hits you. x2; The wolf bites you but does no damage.
You slash the wolf!
You kill the wolf!
You miss the electric eel. Your headbutt misses the electric eel.
The electric eel shoots out a bolt of lightning at you!
The bolt of electricity hits the electric eel.
The electric eel completely resists.
The bolt of electricity hits you!
* * * LOW HITPOINT WARNING * * *
The bolt of electricity hits you!
* * * LOW HITPOINT WARNING * * *
The bolt of electricity misses the electric eel.
Okay, then.
Okay, then.
You feel better.
The electric eel shoots out a bolt of lightning at you!
The bolt of electricity hits the electric eel.
The electric eel completely resists.
The bolt of electricity hits you!
* * * LOW HITPOINT WARNING * * *
The bolt of electricity hits you.
* * * LOW HITPOINT WARNING * * *
The bolt of electricity hits the electric eel.
The electric eel completely resists.
You feel better.
The electric eel shoots out a bolt of lightning at you!
The bolt of electricity hits the electric eel.
The electric eel completely resists.
The bolt of electricity hits you.
* * * LOW HITPOINT WARNING * * *
The bolt of electricity hits you!
* * * LOW HITPOINT WARNING * * *
The bolt of electricity hits the electric eel.
The electric eel completely resists.
You feel better.
The electric eel shoots out a bolt of lightning at you!
The bolt of electricity hits you.
* * * LOW HITPOINT WARNING * * *
The bolt of electricity hits you!
You die...

,,,, ,.......... , , ,
,,,.........~....~. , **
#.....#....~..≈~ ~ ,,
#.....#....≈≈≈≈~ ~~ , ,
,#.....#....~≈h~~,
#.<...#....~≈≈..
########.....#..~~.~~≈.
,
,.............#.†.~~~≈..
,
.............+.@SS≈≈≈h.
...............†.≈~≈≈.~~
#+###...........~.~≈~~~
~ , ######.......~~~≈~≈
, ,,,#......~...~≈≈ , ,
, #........~.≈≈≈~~ ~ **
#..........~~≈ ~~ ,
..#########..., * * ...#
,, ,


You could see 2 hounds and 2 electric eels.

Vanquished Creatures
  A cyclops (D:6)
  A troll (D:9)
  Sigmund (D:6)
  2 water moccasins
  2 orc warriors (D:8)
  A sky beast (D:7)
  A black bear (D:6)
  3 ice beasts
  2 wolves (D:9)
  2 ogres
  2 phantoms
  A kobold brigand (D:8)
  2 bullfrogs (D:6)
  4 necrophages
  5 scorpions
  3 killer bees (D:7)
  2 howler monkeys (D:8)
  4 orc priests
  5 hounds
  2 jellies
  A gnoll bouda (D:6)
  Ijyb (D:3)
  An iguana (D:6)
  Natasha (thrice) (D:2)
  8 orc wizards
  8 gnolls
  4 adders
  2 white imps (D:7)
  2 worms
  A dart slug (D:3)
  20 orcs
  7 bats
  7 endoplasms
  4 giant cockroaches
  14 goblins
  5 hobgoblins
  3 jackals (D:3)
  6 quokkas
  5 ball pythons
  A frilled lizard (D:1)
  10 kobolds
  9 rats
168 creatures vanquished.

Vanquished Creatures (others)
  4 toadstools (D:3)
4 creatures vanquished.

Grand Total: 172 creatures vanquished

Notes
Turn   | Place    | Note
-------+----------+-------------------------------------------
     0 | D:1      | cheesebisquit the Minotaur Fighter began the quest for the
                  | Orb.
     0 | D:1      | Reached XP level 1. HP: 19/19 MP: 0/0
   164 | D:1      | Reached XP level 2. HP: 27/27 MP: 1/1
   670 | D:1      | Reached skill level 3 in Axes
   737 | D:1      | Found a faded altar of an unknown god.
   740 | D:1      | Prayed at the altar of an unknown god.
   740 | D:1      | Became a worshipper of Ashenzari the Shackled
   782 | D:1      | Reached XP level 3. HP: 33/33 MP: 2/2
   948 | D:2      | Noticed Natasha
   953 | D:2      | Killed Natasha
  1052 | D:2      | Noticed Natasha
  1061 | D:2      | Killed Natasha
  1062 | D:2      | Reached XP level 4. HP: 32/41 MP: 3/3
  1308 | D:2      | Noticed Natasha
  1313 | D:2      | Killed Natasha
  1314 | D:2      | Reached skill level 4 in Axes
  1563 | D:3      | Reached * piety under Ashenzari
  1617 | D:3      | Reached XP level 5. HP: 44/47 MP: 4/4
  2219 | D:3      | Noticed Ijyb
  2230 | D:3      | Killed Ijyb
  2683 | D:3      | Reached ** piety under Ashenzari
  2913 | D:4      | Reached skill level 5 in Axes
  2995 | D:4      | Paralysed by a goblin for 2 turns
  2999 | D:4      | Paralysed by a goblin for 4 turns
  3286 | D:4      | Found a staircase to the Ecumenical Temple.
  3375 | D:5      | Entered Level 5 of the Dungeon
  3422 | D:5      | Noticed an ogre
  3424 | D:5      | Killed an ogre
  3425 | D:5      | Reached skill level 5 in Fighting
  3425 | D:5      | Reached skill level 5 in Armour
  3425 | D:5      | Reached skill level 5 in Shields
  3425 | D:5      | Reached XP level 6. HP: 40/57 MP: 5/5
  3634 | D:5      | Identified a scroll of acquirement
  3779 | D:5      | Reached skill level 6 in Axes
  3779 | D:5      | Reached XP level 7. HP: 64/66 MP: 6/6
  4034 | D:5      | Reached *** piety under Ashenzari
  4149 | D:5      | Acquired the ring of Russare {rF+ rN+}
  4524 | D:6      | Reached skill level 7 in Axes
  4593 | D:6      | Noticed Sigmund
  4597 | D:6      | Killed Sigmund
  4598 | D:6      | Reached XP level 8. HP: 78/78 MP: 7/7
  4976 | D:6      | Reached skill level 8 in Axes
  5275 | D:6      | Noticed a cyclops
  5287 | D:6      | Killed a cyclops
  5291 | D:6      | Reached skill level 9 in Axes
  5434 | D:6      | Reached XP level 9. HP: 68/83 MP: 8/8
  5497 | D:6      | Found the +8 demon trident "Rift" {distort, reach+}
  5851 | D:7      | Reached skill level 10 in Axes
  7210 | D:9      | Noticed a troll
  7216 | D:9      | Reached skill level 11 in Axes
  7221 | D:9      | Killed a troll
  7222 | D:9      | Reached XP level 10. HP: 53/95 MP: 9/9
  7228 | D:9      | HP: 3/95 [electric eel/bolt of electricity (3)]
  7230 | D:9      | Killed from afar by an electric eel

Illustrated notes

Levels and vault maps discovered:
D:1:      amcnicky_arrival_single_pillar, layout_loops_corners, serial_glass,
          glass_columns_b, glass_columns_a, glass_columns_c, glass_columns_a,
          minmay_strange_pillars, hellmonk_ecumenical_altar_inner_sanctum,
          minmay_box_of_dots
D:2:      layout_rooms, uniq_natasha
D:3:      kennysheep_goblin_castle, layout_basic, minmay_gold_behind_fungi
D:4:      layout_basic, minmay_temple_entry_ruins
D:5:      layout_cave_pods
D:6:      minmay_octagon_keep, layout_basic, uniq_sigmund
D:7:      layout_rooms
D:8:      layout_basic
D:9:      due_megacathedral, layout_irregular_city, grunt_temple_overflow_open,
          erik_lair_island, gammafunk_ghost_smash, minmay_shop_damaged,
          nicolae_nh_oracle_at_delphi

Skill      XL: |  1  2  3  4  5  6  7  8  9 |
---------------+----------------------------+-----
Shields        | 4 5 6 7 8 |  8.6
Fighting       | 4 5 6 7 8 |  8.6
Axes           | 3 4 5 6 7 9 11 | 11.1
Armour         | 4 5 6 7 8 |  8.6

Action                     |  1- 3 |  4- 6 |  7- 9 | 10-12 || total
---------------------------+-------+-------+-------+-------++-------
  Melee: War axe           |    68 |    99 |   281 |     4 ||   452
         Headbutt          |     7 |    24 |    47 |       ||    78
  Throw: Boomerang         |     8 |    26 |     4 |       ||    38
 Invoke: Curse Item        |     1 |     3 |     3 |       ||     7
         Shatter the Chain |       |       |     2 |       ||     2
    Use: Scroll            |       |     1 |     1 |       ||     2
         Potion            |       |       |     2 |     4 ||     6
 Armour: Scale mail        |    32 |    47 |    14 |       ||    93
         Plate armour      |       |       |   136 |     5 ||   141
  Dodge: Dodged            |    34 |    36 |    74 |     1 ||   145
  Block: Buckler           |    14 |       |       |       ||    14
         Kite shield       |       |    58 |   158 |     2 ||   218

Table legend: (Time is in decaauts)
 A = Elapsed time spent in this place.
 B = Non-inter-level travel time spent in this place.
 C = Inter-level travel time spent in this place.
 D = Time resting spent in this place.
 E = Time spent auto-exploring this place.
 F = Levels seen in this place.
 G = Mean time per level.
                   A        B        C        D        E       F      G
               +--------+--------+--------+--------+--------+-----+--------+
         Total |   7383 |   6647 |    736 |      0 |   5299 |   9 |  820.3 |
       Dungeon |   7383 |   6647 |    736 |      0 |   5299 |   9 |  820.3 |
               +--------+--------+--------+--------+--------+-----+--------+

Top non-repeatable levels by time:
     D:3: 1477 daAuts
     D:6: 1168 daAuts
     D:5: 1085 daAuts
     D:1: 918 daAuts
     D:8: 764 daAuts
     D:7: 702 daAuts
     D:4: 646 daAuts
     D:2: 567 daAuts
     D:9: 51 daAuts
